 Dungeon Crawl Stone Soup version 0.27.1-4-g1640c2035a (webtiles) character file.

Game seed: 5332194497676857553

1609126 DiogoH the Merfolkian Porcupine (level 27, 247/247 HPs)
             Began as a Merfolk Ice Elementalist on Nov 7, 2021.
             Was the Champion of Zin.
             Escaped with the Orb
             ... and 3 runes on Nov 13, 2021!
             The game lasted 17:53:18 (85410 turns).

DiogoH the Merfolkian Porcupine (MfIE)             Turns: 85410, Time: 17:53:18

Health: 247/247    AC: 14    Str: 13    XL:     27
Magic:  39/39      EV: 26    Int: 22    God:    Zin [******]
Gold:   3409       SH:  5    Dex: 17    Spells: 13/50 levels left

rFire    + + +     SeeInvis +   a - +8 bardiche "Yne Rawula" {vorpal, rPois Stlth+}
rCold    + . .     Faith    .   (shield currently unavailable)
rNeg     + + +     Spirit   .   L - +2 robe of Contentment {rElec rN+ Regen+ Dex-2}
rPois    +         Reflect  +   n - +0 helmet of Festooned Wonder {+Inv rN+ Regen+}
rElec    +         Harm     .   r - scarf {rC+ rF+}
rCorr    .         Rampage  .   i - +2 pair of gloves {Dex+3}
Will     ++++.                  h - +0 pair of boots of Qoomug Coov {+Inv rF+}
Stlth    ++........             y - amulet "Buar" {Reflect Will+ SH+5 Stlth+}
HPRegen  2.51/turn              N - ring "Jach" {+Blink rPois Will+ Int+6}
MPRegen  0.26/turn              q - ring "Qagriph" {rF+ rN+ AC+4 Int-5 SInv}

@: studying 2 skills
A: (nimble swimmer 2), mertail
0: Orb of Zot
}: 3/15 runes: serpentine, barnacled, silver
a: Renounce Religion, Evoke Blink, Evoke Invisibility, Recite, Vitalisation,
Imprison, Sanctuary, Donate Gold


You escaped.
You worshipped Zin.
Zin was exalted by your worship.
You visited 10 branches of the dungeon, and saw 50 of its levels.
You visited 2 bazaars.
You also visited: Bailey and Wizlab.

You collected 9387 gold pieces.
You spent 5409 gold pieces at shops.
You donated 569 gold pieces to Zin.

Inventory:

Hand Weapons
 a - the +8 bardiche "Yne Rawula" (weapon) {vorpal, rPois Stlth+}
   (You acquired it in a bazaar)

   It inflicts extra damage upon your enemies.
   rPois:     It protects you from poison.
   Stlth:     It makes you more stealthy.
 b - a +9 halberd of flaming
Missiles
 d - 33 javelins (quivered)
 e - 4 throwing nets
 k - 229 poisoned darts
 o - 16 silver javelins
 D - 8 curare-tipped darts
Armour
 h - the +0 pair of boots of Qoomug Coov (worn) {+Inv rF+}
   (You acquired it on level 2 of the Lair of Beasts)

   rF:        It protects you from fire.
   +Inv:      It lets you turn invisible.
 i - a +2 pair of gloves of dexterity (worn)
 n - the +0 helmet of Festooned Wonder (worn) {+Inv rN+ Regen+}
   (You found it on level 3 of the Shoals)

   rN:        It protects you from negative energy.
   +Inv:      It lets you turn invisible.
   Regen:     It increases your rate of health regeneration.
 r - a scarf of resistance (worn)
 L - the +2 robe of Contentment (worn) {rElec rN+ Regen+ Dex-2}
   (You found it on level 9 of the Dungeon)

   Dex:       It affects your dexterity (-2).
   rElec:     It insulates you from electricity.
   rN:        It protects you from negative energy.
   Regen:     It increases your rate of health regeneration.
Magical Staves
 E - a staff of cold
Jewellery
 q - the ring "Qagriph" (right hand) {rF+ rN+ AC+4 Int-5 SInv}
   (You took it off a yaktaur on level 5 of the Vaults)

   [ring of protection]

   AC:        It affects your AC (+4).
   Int:       It affects your intelligence (-5).
   rF:        It protects you from fire.
   rN:        It protects you from negative energy.
   SInv:      It lets you see invisible.
 y - the amulet "Buar" (around neck) {Reflect Will+ SH+5 Stlth+}
   (You took it off an orc warrior on level 3 of the Snake Pit)

   [amulet of reflection]

   It reflects blocked missile attacks.
   SH:        It affects your SH (+5).
   Will:      It increases your willpower.
   Stlth:     It makes you more stealthy.
 H - a ring of protection from cold
 N - the ring "Jach" (left hand) {+Blink rPois Will+ Int+6}
   (You found it on level 5 of the Depths)

   [ring of willpower]

   Int:       It affects your intelligence (+6).
   rPois:     It protects you from poison.
   +Blink:    It lets you blink.
   Will:      It increases your willpower.
 U - a ring of resist corrosion
Wands
 A - a wand of flame (168)
 F - a wand of acid (30)
 I - a wand of iceblast (72)
 W - a wand of digging (23)
Scrolls
 c - 2 scrolls of enchant armour
 f - 5 scrolls of immolation
 m - 9 scrolls of fog
 p - 3 scrolls of summoning
 u - 2 scrolls of blinking
 w - a scroll of silence
 z - 13 scrolls of teleportation
 B - 3 scrolls of magic mapping
 G - 5 scrolls of fear
 J - 2 scrolls of holy word
Potions
 j - 8 potions of haste
 l - 7 potions of magic
 t - 13 potions of flight
 x - 6 potions of ambrosia
 C - 8 potions of cancellation
 K - 2 potions of might
 O - 7 potions of invisibility
 Q - 12 potions of attraction
 R - 7 potions of brilliance
 V - 4 potions of resistance
 X - 3 potions of heal wounds
 Y - 28 potions of curing
Miscellaneous
 g - a phial of floods
 P - a lightning rod (4/4)
 S - a phantom mirror
 T - a tin of tremorstones (2/2)


   Skills:
 * Level 26.7 Fighting
 O Level 27 Polearms
 - Level 8.0 Armour
 + Level 21.7 Dodging
 - Level 8.0 Stealth
 - Level 12.0 Spellcasting
 - Level 8.0 Conjurations
 + Level 21.2 Ice Magic
 - Level 24.0 Invocations


You had 13 spell levels left.
You knew the following spells:

 Your Spells              Type           Power      Damage    Failure   Level
a - Freeze                Ice            100%       1d11      0%          1
b - Frozen Ramparts       Ice            100%       1d12      0%          3
c - Ozocubu's Armour      Ice            82%        N/A       0%          3
d - Hailstorm             Conj/Ice       67%        3d14      1%          4
e - Ensorcelled Hibernat  Hex/Ice        100%       N/A       1%          2
f - Summon Ice Beast      Ice/Summ       56%        N/A       1%          4
g - Metabolic Englaciati  Hex/Ice        28%        N/A       1%          5
h - Freezing Cloud        Conj/Ice/Air   27%        6-21      2%          5
i - Ozocubu's Refrigerat  Ice            41%        4d13      1%          7
j - Apportation           Tloc           26%        N/A       4%          1
k - Blink                 Tloc           N/A        N/A       8%          2

Your spell library contained the following spells:

 Spells                   Type           Power      Damage    Failure   Level
 Magic Dart               Conj           100%       1d8       1%          1
 Shock                    Conj/Air       100%       1d9       1%          1
 Static Discharge         Conj/Air       30%        N/A       1%          2
 Ice Form                 Ice/Tmut       56%        N/A       1%          4
 Conjure Flame            Conj/Fire      30%        6-21      2%          3
 Stone Arrow              Conj/Erth      60%        3d10      2%          3
 Beastly Appendage        Tmut           26%        N/A       4%          1
 Corona                   Hex            14%        N/A       4%          1
 Sting                    Tmut/Pois      52%        1d5       4%          1
 Summon Small Mammal      Summ           52%        N/A       4%          1
 Mephitic Cloud           Conj/Pois/Air  24%        N/A       4%          3
 Iskenderun's Battlesphe  Conj           48%        2d10      4%          5
 Call Imp                 Summ           13%        N/A       8%          2
 Corpse Rot               Necr/Air       N/A        N/A       8%          2
 Passwall                 Tmut/Erth      10%        N/A       8%          2
 Poisonous Vapours        Pois/Air       26%        N/A       8%          2
 Sublimation of Blood     Necr           6%         N/A       8%          2
 Wereblood                Tmut           13%        N/A       8%          2
 Sticky Flame             Conj/Fire      30%        2d5       10%         4
 Simulacrum               Ice/Necr       28%        N/A       10%         6
 Call Canine Familiar     Summ           13%        N/A       14%         3
 Gell's Gravitas          Tloc           6%         N/A       14%         3
 Ignite Poison            Fire/Tmut/Pois 13%        N/A       14%         3
 Lesser Beckoning         Tloc           6%         N/A       14%         3
 Spider Form              Tmut/Pois      6%         N/A       14%         3
 Summon Guardian Golem    Hex/Summ       13%        N/A       14%         3
 Swiftness                Air            13%        N/A       14%         3
 Teleport Other           Tloc           13%        N/A       14%         3
 Tukima's Dance           Hex            13%        N/A       14%         3
 Fireball                 Conj/Fire      15%        3d8       26%         5
 Lightning Bolt           Conj/Air       15%        1d29      26%         5
 Airstrike                Air            6%         N/A       43%         4
 Animate Armour           Summ/Erth      26%        N/A       43%         4
 Olgreb's Toxic Radiance  Pois           13%        N/A       43%         4
 Petrify                  Tmut/Erth      13%        N/A       43%         4
 Summon Lightning Spire   Summ/Air       13%        N/A       43%         4
 Bolt of Magma            Conj/Fire/Erth 12%        4d8       43%         5
 Polar Vortex             Ice            41%        N/A       63%         9
 Alistair's Intoxication  Tmut/Pois      8%         N/A       80%         5
 Manifold Assault         Tloc           13%        N/A       80%         5
 Summon Forest            Summ/Tloc      6%         N/A       80%         5
 Summon Mana Viper        Hex/Summ       13%        N/A       80%         5
 Iron Shot                Conj/Erth      15%        9d4       82%         6
 Orb of Destruction       Conj           24%        9d10      83%         7
 Dispersal                Tloc           6%         N/A       100%        6
 Invisibility             Hex            6%         N/A       100%        6
 Shadow Creatures         Summ           N/A        N/A       100%        6
 Statue Form              Tmut/Erth      8%         N/A       100%        6
 Malign Gateway           Summ/Tloc      6%         N/A       100%        7
 Monstrous Menagerie      Summ           6%         N/A       100%        7
 Spellforged Servitor     Conj/Summ      15%        N/A       100%        7
 Storm Form               Tmut/Air       6%         N/A       100%        7
 Summon Hydra             Summ           6%         N/A       100%        7
 Borgnjor's Revivificati  Necr           6%         N/A       100%        8
 Ignition                 Fire           6%         3d4       100%        8
 Lehudib's Crystal Spear  Conj/Erth      15%        10d5      100%        8
 Maxwell's Capacitive Co  Air            6%         ∞         100%        8
 Necromutation            Tmut/Necr      6%         N/A       100%        8
 Death's Door             Necr           6%         N/A       100%        9
 Dragon's Call            Summ           6%         N/A       100%        9


Dungeon Overview and Level Annotations

Branches:
Dungeon (15/15)            Temple (1/1) D:7            Lair (6/6) D:10
 Shoals (4/4) Lair:4        Snake (4/4) Lair:2        Slime (0/5) Lair:5
    Orc (2/2) D:9             Elf (3/3) Orc:2        Vaults (5/5) D:13
  Crypt (0/3) Vaults:2     Depths (5/5) D:15            Zot (5/5) Depths:5
 Bailey (visited)          WizLab (visited)

Altars:
Ashenzari
Cheibriados
Dithmenos
Elyvilon
Fedhas
Gozag
Hepliaklqana
Kikubaaqudgha
Makhleb
Nemelex Xobeh
Okawaru
Qazlal
Ru
Sif Muna
Trog
Uskayaw
Vehumet
Wu Jian
Xom
Yredelemnul
Zin
The Shining One
Beogh

Shops:
D:1 *   D:9 [   D:13 *   D:15 !   Orc:2 ([:   Elf:2 *   Snake:2 =:::
Snake:3 (=?[   Vaults:2 !   Vaults:3 [   Vaults:4 *

Portals:
Hell: Depths:1 Depths:2 Depths:3 Depths:4 Depths:5
Abyss: Depths:1 Depths:4
Pandemonium: Depths:3 Depths:4
Ziggurat: Depths:5

Annotations:
D:11 3 runed translucent doors
Shoals:2 exclusions: merfolk javelineer and 2 merfolk sirens, Ilsuiw
Elf:2 Roxanne
Vaults:4 2 runed translucent doors, Boris; garrulousMonolith's ghost, veteran GnFi; handsome's ghost, veteran OpWn
Depths:1 6 runed translucent doors
Depths:4 2 runed translucent doors
Zot:3 3 runed translucent doors, 2 transporters, Icycared's ghost, master GrFi


Innate Abilities, Weirdness & Mutations

((You are quick and stealthy near water. (Stealth+, EV+, Speed+++)))
Your lower body shifts to a powerful aquatic tail in water.


Message History

You see here a +0 short sword.
There is a stone staircase leading up here.
You climb upwards.
There is a stone staircase leading down here.
There is an open door here.
There is a stone staircase leading up here.
You climb upwards.
There is a stone staircase leading down here.
There is a stone staircase leading up here.
You climb upwards.
There is a stone staircase leading down, spattered with blood here.
Things that are here:
a +0 giant club; a +0 giant club
Things that are here:
a +0 leather armour; a +0 club
There is a stone staircase leading up, spattered with blood here.
You climb upwards.
There is a stone staircase leading down here.
There is an escape hatch in the ceiling here.
A mysterious force pulls you upwards. The hatch slams shut behind you.
There is an open door here.
There is a stone staircase leading up here.
You climb upwards.
There is a stone staircase leading down here.
You see here a +1 dagger of venom.
Items here: ))) [.
There is a stone staircase leading up here.
You climb upwards.
There is a stone staircase leading down here.
There is a stone staircase leading up here.
You climb upwards.
There is a stone staircase leading down here.
There is a stone staircase leading up here.
You climb upwards.
There is a stone staircase leading down here.
There is an open door here.
There is a staircase leading out of the dungeon here.
Okay, then.
Unknown command.
You have escaped!

##..#.#.##.##.#..#.#
#.#.####...
##...#.#.##.#..#..#.#
#.#.# #...
#......#.##.#.###.#.#
#.#.# #...
..........#.#...1...#
#.#.# ##..
#.#....#..#.##......#
#.#.# #..
#.#.##.#..#.####'####
#.#.# #..
#.#.##.#..#.# #...#
#.#.######.
#.#.##.#..#.# #...#
#.#......).
#.#.##.#..#.# #.@.#
#.########.
#.#.##.####.# #...#
###.#.......>
#.#.........# #####
#...#.###...#
#.####.######
#.###.#......
#..........#
#..##.#.#...#
#..###.###.#
##.##.#.#....
#..#.......#
#.##.#.###..
#..#########
####.##.#.# #..
...........#
#.##.##.#.# #..


You could see an Executioner.

Vanquished Creatures
  4 dread liches
  An ancient lich (Zot:5)
  5 orbs of fire
  Mara (Shoals:4)
  Frederick (Vaults:2)
  A shard shrike (Zot:3)
  Margery (Depths:5)
  10 Killer Klowns
  Vashnia (Snake:4)
  A caustic shrike (shapeshifter) (Vaults:5)
  Saint Roka (Snake:3)
  7 golden dragons
  the Enchantress (Depths:4)
  5 electric golems
  Jorgrun (D:14)
  20 tentacled monstrosities
  7 liches
  27 Orb Guardians
  Rupert (D:13)
  4 titans
  3 deep elf blademasters
  17 quicksilver dragons
  2 deep elf master archers (Elf:3)
  2 ancient champions
  Agnes (Snake:3)
  5 sphinxes
  14 storm dragons
  Polyphemus (Shoals:2)
  6 shadow dragons
  5 tengu reavers
  Donald (Shoals:1)
  9 death cobs
  3 draconian monks
  7 nagarajas
  5 draconian knights
  12 fire giants
  6 deep elf sorcerers
  10 frost giants
  6 ghost moths
  6 draconian scorchers
  17 vault wardens
  3 balrugs (Depths:1)
  3 draconian stormcallers
  2 iron dragons
  3 orc warlords
  2 deep elf elementalists (Elf:3)
  2 cacodemons
  A ghoul (D:15)
  16 ironbound preservers
  2 draconian shifters
  8 spriggan defenders
  35 very ugly things
  2 draconian annihilators (Zot:5)
  2 war gargoyles
  20 stone giants
  7 black draconians
  7 deep elf demonologists
  5 green draconians
  3 vampire knights
  4 entropy weavers
  11 deep elf annihilators
  6 white draconians
  13 red draconians
  7 purple draconians
  3 yellow draconians
  10 spark wasps
  5 dire elephants
  12 ettins
  8 fire dragons
  2 orange crystal statues
  3 merfolk javelineers (Shoals:4)
  4 deep elf death magi
  An eidolon (Vaults:2)
  Snorg (D:10)
  4 merfolk impalers (Shoals:4)
  A green death (Depths:1)
  3 jiangshi (Depths:4)
  4 deep elf high priests
  5 ironbound thunderhulks
  16 yaktaur captains
  7 boulder beetles
  37 vault guards
  2 monstrous demonspawn (Depths:4)
  3 ogre magi
  11 ice dragons
  A hell beast (Depths:1)
  A peacekeeper (Vaults:4)
  10 naga warriors
  Harold (D:7)
  11 centaur warriors
  16 great orbs of eyes
  7 salamander tyrants
  5 hydras
  11 spriggan air magi
  A rakshasa (Depths:2)
  Erica (D:8)
  3 catoblepae
  An alligator (Lair:6)
  The ghost of Garym the Fighter, a novice MiFi of Okawaru (D:9)
  5 ironbound frosthearts
  8 anacondas
  5 merfolk aquamancers
  10 two-headed ogres
  16 death yaks
  10 deep troll earth magi
  8 ironbound beastmasters
  5 tengu warriors
  10 deep troll shamans
  4 vampire magi
  21 dancing weapons
  11 hell knights
  Urug (D:10)
  12 naga sharpshooters
  13 spriggan berserkers
  3 soul eaters
  3 sun demons
  9 deep elf knights
  5 orc high priests
  4 shock serpents
  Sonja (D:12)
  12 skeletal warriors
  10 spriggans
  8 iron trolls
  3 sixfirhies
  A titan skeleton (Depths:2)
  12 salamander mystics
  A storm dragon skeleton (Depths:2)
  2 sea snakes
  A deep troll (shapeshifter) (D:13)
  2 glowing orange brains
  A shadow demon (Depths:3)
  3 flayed ghosts
  13 naga ritualists
  48 deep trolls
  A torturous demonspawn (Depths:3)
  17 ironbound convokers
  20 deep elf pyromancers
  A shadow dragon zombie (Depths:2)
  An obsidian statue (Depths:1)
  22 wizards
  Pikel (D:6)
  5 deep elf archers
  9 lindwurms
  26 deep elf zephyrmancers
  13 mana vipers
  10 cyclopes
  5 harpies
  7 necromancers
  3 phantasmal warriors (Vaults:5)
  18 orc knights
  9 orc sorcerers
  32 salamanders
  58 ugly things
  11 manticores
  2 oklob plants (Lair:4)
  33 moths of wrath
  2 wolf spider zombies (D:15)
  5 elephants
  7 fauns
  23 vault sentinels
  5 guardian serpents
  An elephant (shapeshifter) (Vaults:5)
  14 naga magi
  Joseph (D:10)
  A rust devil (Depths:4)
  A torpor snail (shapeshifter) (Vaults:5)
  13 water nymphs
  50 black mambas
  5 merfolk sirens
  4 smoke demons (Depths:1)
  An ice statue (D:9)
  5 torpor snails (Lair:6)
  2 orange demons
  12 cane toads
  3 unseen horrors
  A kobold demonologist (Bailey)
  13 komodo dragons
  6 rime drakes
  33 yaktaurs
  2 hellwings
  2 guardian mummies (D:15)
  5 tengu conjurers
  5 ice devils
  4 trolls
  4 tyrant leeches (Lair:6)
  A harpy zombie (D:15)
  8 merfolk
  2 red devils (Depths:3)
  10 wind drakes
  A jumping spider (Vaults:5)
  Grinder (D:3)
  17 hornets
  7 blink frogs (Lair:6)
  60 slime creatures
  14 polar bears
  3 raiju (Lair:6)
  22 dream sheep
  2 raiju (shapeshifter)
  A hornet (shapeshifter) (Depths:3)
  7 snapping turtles
  A centaur simulacrum (D:15)
  5 shadows
  6 air elementals
  A spriggan (shapeshifter) (Depths:5)
  2 vampires
  2 wraiths
  2 ynoxinuls
  6 redbacks
  28 water elementals
  57 yaks
  A flying skull (Vaults:2)
  3 tarantellas
  6 basilisks
  6 fire elementals
  3 wyverns
  Menkaure (D:7)
  5 vampire mosquitoes
  3 chaos spawn
  3 neqoxecs (Depths:1)
  A steam dragon (D:7)
  A human zombie (Depths:2)
  43 nagas
  9 wargs
  A warg (shapeshifter) (D:13)
  Duvessa (D:7)
  14 hell hounds (Lair:6)
  20 water moccasins
  2 acid dragons
  2 hydra simulacra (Zot:4)
  3 floating eyes
  3 ice beasts
  A meliai simulacrum (D:15)
  56 orc warriors
  14 black bears
  3 hornet zombies
  A necrophage (D:6)
  27 wolves
  7 ogres
  2 phantoms
  14 centaurs
  A kobold brigand (D:11)
  3 lemures (D:6)
  3 earth elementals
  11 bullfrogs
  Dowan (D:7)
  A wyvern skeleton (D:7)
  A water moccasin skeleton (D:5)
  11 killer bees
  A human simulacrum (Vaults:2)
  8 howler monkeys
  5 electric eels (Bailey)
  28 orc priests
  A centaur skeleton (D:4)
  8 centaur zombies
  A bullfrog skeleton (D:6)
  2 gnoll shamans
  4 iguanas
  Natasha (thrice) (D:3)
  23 orc wizards
  A hound skeleton (D:4)
  2 mummies (D:15)
  A howler monkey zombie (D:6)
  19 gnolls
  5 adders
  A shadow imp (D:7)
  2 white imps
  2 worms
  2 dart slugs
  120 orcs
  4 endoplasms
  4 giant cockroaches
  21 goblins
  6 hobgoblins
  5 jackals
  2 quokkas
  6 ball pythons
  3 bats (D:2)
  4 frilled lizards
  12 kobolds
  2 rats
  A spectral goblin (D:3)
  2 pillars of salt (Depths:5)
2294 creatures vanquished.

Vanquished Creatures (collateral kills)
  Asterion (Snake:2)
  Kirke (Snake:2)
  A merfolk aquamancer (Shoals:3)
  A death yak (Shoals:2)
  A harpy (Shoals:1)
  A salamander (Snake:2)
  2 merfolk (Shoals:3)
  2 water elementals (Shoals:3)
  2 orcs
12 creatures vanquished.

Vanquished Creatures (others)
  An eldritch tentacle (Zot:5)
  A fire giant (Depths:3)
  A draconian knight (Zot:2)
  A green draconian (Zot:5)
  A red draconian (Zot:5)
  2 deep elf knights (Elf:2)
  A wizard (Vaults:3)
  A deep elf zephyrmancer (Elf:2)
  2 humans (Snake:2)
  A naga (Snake:2)
  An orc (Orc:2)
  30 fungi
  3 pillars of salt (Depths:5)
  85 plants
  4 withered plants (D:15)
135 creatures vanquished.

Grand Total: 2441 creatures vanquished

Notes
Turn   | Place    | Note
-------+----------+-------------------------------------------
     0 | D:1      | DiogoH the Merfolk Ice Elementalist began the quest for the
                  | Orb.
     0 | D:1      | Reached XP level 1. HP: 13/13 MP: 3/3
   541 | D:1      | Reached XP level 2. HP: 20/20 MP: 1/5
   866 | D:1      | Found Ydaira Xari's Assorted Antiques.
  1078 | D:1      | Reached skill level 1 in Fighting
  1544 | D:2      | Reached XP level 3. HP: 26/26 MP: 4/6
  1713 | D:2      | Reached skill level 5 in Ice Magic
  2225 | D:2      | Reached skill level 1 in Polearms
  2438 | D:2      | Reached XP level 4. HP: 25/32 MP: 4/7
  2517 | D:3      | Noticed Natasha
  2523 | D:3      | Killed Natasha
  2739 | D:3      | Noticed Natasha
  3012 | D:3      | Noticed Grinder
  3196 | D:3      | Reached skill level 2 in Polearms
  3196 | D:3      | Reached XP level 5. HP: 38/38 MP: 7/9
  3200 | D:3      | Learned a level 3 spell: Frozen Ramparts
  3204 | D:3      | Learned a level 3 spell: Ozocubu's Armour
  3331 | D:3      | Killed Natasha
  3663 | D:3      | Noticed Natasha
  3669 | D:3      | Killed Natasha
  3845 | D:4      | Reached XP level 6. HP: 45/46 MP: 3/10
  3899 | D:4      | Reached skill level 3 in Polearms
  4529 | D:4      | Reached XP level 7. HP: 52/52 MP: 6/12
  4625 | D:4      | Reached skill level 4 in Polearms
  4754 | D:4      | You fall into a shaft and drop 2 floors!
  4784 | D:5      | Entered Level 5 of the Dungeon
  5339 | D:5      | Noticed a troll
  5349 | D:5      | Killed a troll
  5841 | D:5      | Reached skill level 5 in Polearms
  5841 | D:5      | Reached XP level 8. HP: 60/60 MP: 6/14
  6689 | D:6      | Reached skill level 6 in Polearms
  6763 | D:6      | Found a burning altar of Makhleb.
  7109 | D:6      | Reached skill level 5 in Fighting
  7127 | D:6      | Reached skill level 7 in Polearms
  7327 | D:7      | Reached skill level 5 in Spellcasting
  7327 | D:7      | Reached XP level 9. HP: 68/68 MP: 16/16
  7352 | D:7      | Identified a scroll of acquirement
  7352 | D:7      | Acquired a +6 halberd of freezing
  7364 | D:7      | Found a staircase to the Ecumenical Temple.
  7370 | D:7      | Found a bloodstained altar of Trog.
  7379 | Temple   | Entered the Ecumenical Temple
  7466 | Temple   | Became a worshipper of Zin the Law-Giver
  7466 | Temple   | Reached * piety under Zin
  7499 | D:7      | Reached skill level 8 in Polearms
  7499 | D:7      | Reached skill level 1 in Invocations
  7537 | D:7      | Noticed Menkaure
  7614 | D:7      | Noticed Pikel
  7640 | D:6      | Killed Pikel
  7641 | D:6      | Reached skill level 9 in Polearms
  7694 | D:7      | Noticed Duvessa
  7730 | D:7      | Killed Menkaure
  7945 | D:7      | Noticed Dowan
  8029 | D:7      | Noticed Harold
  8060 | D:7      | Identified the +1 scale mail "Naokhloj" {rN+ Int+4}
  8066 | D:7      | Killed Duvessa
  8085 | D:7      | Killed Dowan
  8137 | D:7      | Reached skill level 10 in Polearms
  8161 | D:7      | Reached ** piety under Zin
  8301 | D:7      | Killed Harold
  8302 | D:7      | Reached XP level 10. HP: 47/77 MP: 13/17
  8357 | D:7      | Reached skill level 11 in Polearms
  8488 | D:8      | Found a sacrificial altar of Ru.
  8760 | D:8      | Noticed Erica
  8806 | D:8      | Found a hide-covered altar of Uskayaw.
  8858 | D:8      | Reached *** piety under Zin
  8913 | D:8      | Killed Erica
  8914 | D:8      | Reached skill level 12 in Polearms
  8914 | D:8      | Reached skill level 10 in Ice Magic
  8914 | D:8      | Reached skill level 5 in Invocations
  8989 | D:9      | Noticed a cyan ugly thing
  9028 | D:8      | Killed a cyan ugly thing
  9072 | D:9      | Noticed an ice statue
  9084 | D:9      | Noticed a two-headed ogre
  9267 | D:9      | Found a staircase to the Orcish Mines.
  9269 | D:9      | Found Yzxec's Armour Shoppe.
  9450 | D:9      | Paralysed by a hornet for 1 turns
  9454 | D:9      | Reached XP level 11. HP: 60/86 MP: 11/18
  9461 | D:9      | Reached skill level 13 in Polearms
  9520 | D:9      | Noticed a two-headed ogre
  9534 | D:9      | Killed a two-headed ogre
  9790 | D:9      | Found a basalt altar of Yredelemnul.
  9797 | D:9      | Reached **** piety under Zin
  9906 | D:9      | Found a runed translucent door.
  9907 | D:9      | Noticed Garym's ghost (novice MiFi)
 10457 | D:10     | Entered Level 10 of the Dungeon
 10484 | D:10     | Found a broken altar of Ashenzari.
 10502 | D:10     | Got Jofre's Almanac of Companions
 10716 | D:10     | Found a flagged portal.
 10744 | D:10     | Reached skill level 14 in Polearms
 10756 | D:10     | Identified the +1 hand axe "Transmigrator" {flame, Will+}
 10759 | Bailey   | Entered a bailey
 11189 | Bailey   | Noticed an orc knight
 11218 | Bailey   | Killed an orc knight
 11275 | Bailey   | Noticed an orc high priest
 11417 | Bailey   | Killed an orc high priest
 11440 | Bailey   | Found an iron altar of Okawaru.
 11511 | Bailey   | Reached skill level 10 in Fighting
 11511 | Bailey   | Reached XP level 12. HP: 97/97 MP: 19/19
 11725 | D:10     | Found a staircase to the Lair.
 11824 | D:10     | Found a snail-covered altar of Cheibriados.
 11826 | D:10     | Noticed Snorg
 11879 | D:10     | Noticed Urug
 11895 | D:10     | Noticed Joseph
 11921 | D:10     | Killed Joseph
 11922 | D:10     | Reached XP level 13. HP: 104/104 MP: 16/20
 11947 | D:10     | Acquired a staff of cold
 11949 | D:10     | Acquired a book of Ice
 11956 | D:10     | Learned a level 4 spell: Hailstorm
 12169 | Lair:1   | Entered Level 1 of the Lair of Beasts
 12390 | Lair:1   | Reached ***** piety under Zin
 12506 | Lair:1   | Reached skill level 1 in Conjurations
 12585 | Lair:1   | Found a frozen archway.
 13545 | Lair:2   | Found a staircase to the Snake Pit.
 13940 | Lair:2   | Acquired the +0 pair of boots of Qoomug Coov {+Inv rF+}
 14607 | Lair:3   | Identified the +7 flail "Worm" {holy, Contam Int+6 Dex+8
                  | Stlth-}
 15046 | Lair:3   | Reached skill level 10 in Invocations
 15132 | Lair:3   | Identified the +2 plate armour of the Heron {MP-9 Int+2
                  | Dex+3}
 16034 | Lair:4   | You fall into a shaft and drop 2 floors!
 16034 | Lair:6   | Entered Level 6 of the Lair of Beasts
 16034 | Lair:6   | Found a runed translucent door.
 16035 | Lair:6   | Noticed an ice dragon
 16193 | Lair:6   | Reached skill level 5 in Conjurations
 16274 | Lair:6   | Reached XP level 14. HP: 105/113 MP: 16/21
 16368 | Lair:6   | Reached skill level 10 in Dodging
 16572 | Lair:6   | Identified the ring "Woocsih" {Will+ Dex+6}
 16769 | Lair:4   | Found a staircase to the Shoals.
 17193 | Lair:5   | Reached skill level 5 in Stealth
 17252 | Lair:5   | Found a staircase to the Slime Pits.
 17768 | Lair:5   | Identified the +12 scimitar of Toinuc {freeze, Dex+6}
 18635 | Lair:6   | Reached XP level 15. HP: 122/122 MP: 24/24
 19072 | Lair:6   | Reached skill level 1 in Armour
 19225 | Lair:6   | Reached ****** piety under Zin
 19232 | Lair:6   | Identified the +0 plate armour of Yloytua {Rampage Regen+
                  | Stlth-}
 20361 | D:10     | Killed Snorg
 20376 | D:10     | Found an opulent altar of Gozag.
 20377 | D:10     | Found an iron altar of Okawaru.
 20379 | D:10     | Found a hazy altar of Hepliaklqana.
 20460 | D:10     | Killed Urug
 20530 | Orc:1    | Entered Level 1 of the Orcish Mines
 20656 | Orc:1    | You fall into a shaft and drop 1 floor!
 20656 | Orc:2    | Entered Level 2 of the Orcish Mines
 21290 | Orc:2    | Noticed an orc warlord
 21333 | Orc:2    | Found a burning altar of Makhleb.
 21504 | Orc:2    | Found a staircase to the Elven Halls.
 21552 | Orc:2    | Found Foat Nameny's Weapon Emporium.
 21684 | Orc:2    | Found Washraane's Book Shop.
 21685 | Orc:2    | Found Ruem's Distillery.
 21686 | Orc:2    | Found Fumaucaq's Antique Armour Shop.
 21704 | Orc:2    | Bought a potion of degeneration for 15 gold pieces
 21917 | Orc:2    | Killed an orc warlord
 22262 | Orc:2    | Bought a pair of embroidered boots for 187 gold pieces
 22262 | Orc:2    | Bought a pair of gloves for 112 gold pieces
 22262 | Orc:2    | Bought a pair of embroidered boots for 187 gold pieces
 22282 | Orc:2    | Bought a book of Sloth for 432 gold pieces
 22284 | Orc:2    | Bought a potion of haste for 150 gold pieces
 22284 | Orc:2    | Bought a potion of brilliance for 60 gold pieces
 22284 | Orc:2    | Bought a potion of cancellation for 120 gold pieces
 22284 | Orc:2    | Bought a potion of cancellation for 120 gold pieces
 22284 | Orc:2    | Bought a potion of invisibility for 120 gold pieces
 22337 | D:9      | Bought a scarf of resistance for 352 gold pieces
 22427 | D:11     | Reached XP level 16. HP: 131/131 MP: 13/25
 22516 | D:11     | Found a runed translucent door.
 23486 | D:11     | Found a runed translucent door.
 23487 | D:11     | Found a runed translucent door.
 23487 | D:11     | Noticed a storm dragon
 23704 | D:11     | Identified the +0 helmet "Leyqio" {Str+4 Dex+2}
 23713 | D:11     | Identified the +3 spear of Outrage {freeze, *Corrode Int+3
                  | Dex+2}
 24003 | D:12     | Noticed Sonja
 24006 | D:12     | Killed Sonja
 24698 | D:13     | Found Ickid's Changing Room.
 24888 | D:13     | Found a gate to the Vaults.
 24987 | D:13     | Noticed Rupert
 25007 | D:13     | Killed Rupert
 25961 | D:14     | Noticed Jorgrun
 25983 | D:14     | Killed Jorgrun
 26634 | D:14     | You fall into a shaft and drop 1 floor!
 26634 | D:15     | Entered Level 15 of the Dungeon
 27434 | D:15     | Reached XP level 17. HP: 136/140 MP: 22/27
 27680 | D:15     | Learned a level 2 spell: Ensorcelled Hibernation
 27696 | D:15     | Learned a level 4 spell: Summon Ice Beast
 27702 | D:15     | Learned a level 5 spell: Metabolic Englaciation
 27708 | D:15     | Learned a level 5 spell: Freezing Cloud
 27944 | D:15     | Found Ywibuera's Distillery.
 28130 | D:15     | Found a sparkling altar of Nemelex Xobeh.
 28261 | D:15     | Found a glowing silver altar of Zin.
 28379 | D:15     | Found a staircase to the Depths.
 28942 | Shoals:1 | Entered Level 1 of the Shoals
 28942 | Shoals:1 | Noticed Donald
 28959 | Shoals:1 | Killed Donald
 30004 | Shoals:2 | Noticed Polyphemus
 30069 | Shoals:2 | Killed Polyphemus
 30070 | Shoals:2 | Reached skill level 15 in Fighting
 30070 | Shoals:2 | Reached skill level 15 in Ice Magic
 30387 | Shoals:2 | Noticed Ilsuiw
 31026 | Shoals:3 | Identified the +0 helmet of Festooned Wonder {+Inv rN+
                  | Regen+}
 32032 | Shoals:4 | Entered Level 4 of the Shoals
 32133 | Shoals:4 | Paralysed by an air elemental for 1 turns
 32474 | Shoals:4 | Found a stormy altar of Qazlal.
 32689 | Shoals:4 | Paralysed by an air elemental for 1 turns
 33166 | Shoals:4 | Noticed Mara
 33237 | Shoals:4 | Paralysed by an air elemental for 1 turns
 33242 | Shoals:4 | Reached XP level 18. HP: 135/149 MP: 8/30
 33253 | Shoals:4 | Killed Mara
 33254 | Shoals:4 | Reached skill level 15 in Polearms
 33464 | Shoals:4 | Got a barnacled rune of Zot
 33678 | Snake:1  | Entered Level 1 of the Snake Pit
 34328 | Snake:1  | Reached skill level 15 in Invocations
 34947 | Snake:2  | Acquired the +4 pair of boots of the Hills {Rampage rElec
                  | rCorr Int-4}
 35064 | Snake:2  | Noticed Asterion
 35086 | Snake:2  | Killed Asterion
 35154 | Snake:2  | Found Sierop's Book Boutique.
 35277 | Snake:2  | Noticed Kirke
 35281 | Snake:2  | Killed Kirke
 35292 | Snake:2  | Reached skill level 16 in Polearms
 35353 | Snake:2  | You fall into a shaft and drop 1 floor!
 35400 | Snake:3  | Noticed Agnes
 35597 | Snake:2  | Identified the +2 leather armour of Idealism {Rampage
                  | +Blink Str-2 SInv}
 35907 | Snake:2  | Found Dikhoc's Book Emporium.
 35908 | Snake:2  | Found Kuahoism's Jewellery Shop.
 35910 | Snake:2  | Found Peojop's Book Emporium.
 36298 | Snake:3  | Killed Agnes
 36338 | Snake:3  | Reached skill level 10 in Spellcasting
 36420 | Snake:3  | Reached XP level 19. HP: 149/157 MP: 28/33
 36636 | Snake:3  | Identified the amulet "Buar" {Reflect Will+ SH+5 Stlth+}
 36643 | Snake:3  | Noticed Saint Roka
 36659 | Snake:3  | Killed Saint Roka
 36967 | Snake:3  | Found Upsumu's Jewellery Emporium.
 36968 | Snake:3  | Found Janiwaad's Weapon Boutique.
 36997 | Snake:3  | Found Vahub's Armour Shop.
 36997 | Snake:3  | Found Zinguv's Magic Scroll Emporium.
 37396 | Snake:4  | Entered Level 4 of the Snake Pit
 37510 | Snake:4  | Found a flickering gateway to a bazaar.
 37555 | Bazaar   | Entered a bazaar
 37558 | Bazaar   | Found Buik's Antique Weapon Shop.
 37567 | Bazaar   | Found Riereodouc's Magic Scroll Shoppe.
 37570 | Bazaar   | Found Elas's General Store.
 37579 | Bazaar   | Found Caxei's Armour Boutique.
 37590 | Bazaar   | Found Yfriunn's Book Boutique.
 37620 | Bazaar   | Bought a scroll of acquirement for 416 gold pieces
 37620 | Bazaar   | Acquired the +8 bardiche "Yne Rawula" {vorpal, rPois
                  | Stlth+}
 37634 | Bazaar   | Bought a scroll of blinking for 60 gold pieces
 37650 | Bazaar   | Bought a +0 pair of gloves of dexterity for 103 gold pieces
 38682 | Snake:4  | Got Goyggid's Incunabulum of the Entourage
 39947 | Snake:4  | Noticed Vashnia
 40055 | Snake:4  | Killed Vashnia
 40135 | Snake:4  | Got a serpentine rune of Zot
 41596 | D:3      | Killed Grinder
 41648 | D:3      | Found a faded altar of an unknown god.
 41842 | D:9      | Killed Garym's ghost
 41848 | D:9      | Identified the +2 robe of Contentment {rElec rN+ Regen+
                  | Dex-2}
 42043 | D:13     | Got the Guide on Battle Magic
 42371 | Vaults:1 | Entered Level 1 of the Vaults
 42554 | Vaults:1 | Reached skill level 17 in Polearms
 42673 | Vaults:1 | Reached XP level 20. HP: 168/168 MP: 29/35
 43843 | Vaults:1 | Reached skill level 18 in Polearms
 46357 | Vaults:2 | Reached skill level 19 in Polearms
 46565 | Vaults:2 | Found a staircase to the Crypt.
 46890 | Vaults:2 | Reached XP level 21. HP: 162/176 MP: 25/36
 47039 | Vaults:2 | Noticed Frederick
 47047 | Vaults:2 | Killed Frederick
 47770 | Vaults:2 | Found Buobir's Distillery.
 47911 | Vaults:3 | Found Esheg's Armour Shop.
 47972 | Vaults:3 | Reached skill level 15 in Dodging
 47991 | Vaults:3 | Found a magical portal.
 48003 | WizLab   | Entered Wucad Mu's Monastery
 48107 | WizLab   | Found the +9 staff of Wucad Mu {*channel}
 48191 | WizLab   | Reached skill level 20 in Polearms
 48191 | WizLab   | Reached XP level 22. HP: 183/183 MP: 38/38
 48403 | Vaults:3 | Identified the +3 whip "Xamom" {venom, Dex+3}
 48938 | Vaults:3 | Reached skill level 21 in Polearms
 50439 | Vaults:4 | Noticed Boris
 50620 | Vaults:4 | Reached skill level 22 in Polearms
 50922 | Vaults:4 | Reached XP level 23. HP: 192/192 MP: 33/39
 51021 | Vaults:4 | Found a large runed translucent door.
 51021 | Vaults:4 | Found a large runed translucent door.
 51021 | Vaults:4 | Noticed garrulousMonolith's ghost (veteran GnFi)
 51021 | Vaults:4 | Noticed handsome's ghost (veteran OpWn)
 51513 | Vaults:4 | Found Ohaceuge's General Store.
 52139 | Elf:1    | Entered Level 1 of the Elven Halls
 52196 | Elf:1    | Found a flickering gateway to a bazaar.
 52213 | Bazaar   | Entered a bazaar
 52213 | Bazaar   | Found Weilavin's Book Boutique.
 52213 | Bazaar   | Found Rorilen's Book Shop.
 52213 | Bazaar   | Found Guesm's Antique Armour Shop.
 52213 | Bazaar   | Found Guruodidgh's Weapon Boutique.
 52224 | Bazaar   | Bought the Unrestrained Analects for 264 gold pieces
 52242 | Bazaar   | Learned a level 7 spell: Ozocubu's Refrigeration
 52876 | Elf:1    | Reached skill level 23 in Polearms
 53021 | Elf:1    | Got Dispater's Guide on Summoning
 53441 | Elf:2    | Identified Roxanne's Handbook of Moulding
 53441 | Elf:2    | Noticed Roxanne
 53657 | Elf:2    | Paralysed by an air elemental for 1 turns
 53750 | Elf:2    | Found Rurhotul's Assorted Antiques.
 53980 | Elf:2    | Found a huge runed translucent gate.
 53980 | Elf:2    | Found a huge runed translucent gate.
 53980 | Elf:2    | Found a huge runed translucent gate.
 53993 | Elf:2    | Found a huge runed translucent gate.
 53996 | Elf:2    | Found a huge runed translucent gate.
 55195 | Depths:1 | Entered Level 1 of the Depths
 55237 | Depths:1 | Found a one-way gate to the infinite horrors of the Abyss.
 55587 | Depths:1 | Reached skill level 24 in Polearms
 56346 | Depths:1 | Found a basalt altar of Yredelemnul.
 56478 | Depths:1 | Reached XP level 24. HP: 82/202 MP: 26/39
 56590 | Depths:1 | Identified the +7 dire flail "Feukaso" {vorpal, rN++ Str-2
                  | Int+3 Dex+2}
 56591 | Depths:1 | Found a gateway to Hell.
 56744 | Depths:1 | Identified the +1 robe of Aganotu {rF+ Str+2 Int+4 Slay-4}
 56957 | Depths:1 | Identified the ring "Tihueste" {Fire Str+6 Dex+2}
 57018 | Depths:1 | Found a runed translucent gate.
 57018 | Depths:1 | Found a runed translucent gate.
 57018 | Depths:1 | Found a runed translucent gate.
 57024 | Depths:1 | Identified the +1 ring mail of Asceticism {rCorr MP-9 SInv
                  | Stlth+}
 57269 | Depths:1 | Found a runed translucent gate.
 57269 | Depths:1 | Found a runed translucent gate.
 57269 | Depths:1 | Found a runed translucent gate.
 57841 | Depths:2 | Reached skill level 25 in Polearms
 58934 | Depths:2 | Found a glowing golden altar of the Shining One.
 60152 | Depths:3 | Reached skill level 26 in Polearms
 60356 | Depths:3 | Identified the +8 short sword of Bunellugg {speed, Fragile
                  | rElec Will- Int+5}
 60416 | Depths:3 | Acquired 961 gold pieces
 60578 | Depths:3 | Found a one-way gate leading to the halls of Pandemonium.
 60659 | Depths:3 | Identified the +8 long sword "Udwu" {drain, Will++ rCorr
                  | Stlth-}
 61038 | Depths:4 | Reached XP level 25. HP: 212/212 MP: 29/39
 61077 | Depths:4 | Noticed the Enchantress
 61095 | Depths:4 | Killed the Enchantress
 61456 | Depths:3 | Reached skill level 5 in Armour
 61793 | Depths:4 | Identified the +10 rapier "Dostes" {elec, Int+4}
 61809 | Depths:4 | Found a runed translucent door.
 61844 | Depths:4 | Found a runed translucent door.
 61844 | Depths:4 | Noticed a dread lich
 61902 | Depths:4 | Identified the +4 falchion of Saamy {venom, rN+ Int+6
                  | Dex+3}
 63455 | Depths:5 | Entered Level 5 of the Depths
 63677 | Depths:5 | Paralysed by a floating eye for 2 turns
 63744 | Depths:5 | Paralysed by a floating eye for 3 turns
 63874 | Depths:5 | Identified the ring "Jach" {+Blink rPois Will+ Int+6}
 64058 | Depths:5 | Identified the ring of Disaster {Str+2 Dex+6}
 64135 | Depths:5 | Noticed a dread lich
 64143 | Depths:5 | Killed a dread lich
 64205 | Depths:5 | Identified the ring of Vimmeam {Ice Stlth+}
 64222 | Depths:5 | Found a gate to the Realm of Zot.
 64284 | Depths:5 | Found a transporter.
 64294 | Depths:5 | Reached XP level 26. HP: 183/222 MP: 27/39
 64364 | Depths:5 | Found a bloodstained altar of Trog.
 64494 | Depths:5 | Noticed Margery
 64505 | Depths:5 | Killed Margery
 64649 | Depths:5 | Found a transporter.
 64751 | Depths:5 | Found a gateway to a ziggurat.
 64759 | Depths:5 | Identified the +12 broad axe "DiogoH's Death" {chaos, *Rage
                  | rElec Int-4 Stlth+}
 65369 | Elf:2    | Learned a level 1 spell: Apportation
 65396 | Elf:3    | Entered Level 3 of the Elven Halls
 66522 | Elf:3    | Identified the +2 hand axe of Asurch {pain, Fly rF+ rN+
                  | Int+2}
 66522 | Elf:3    | Found the +8 Vampire's Tooth {vamp}
 66523 | Elf:3    | Identified the ring of Gasuschu {*Slow Will+ Int-5 Dex+8
                  | Stlth+}
 66611 | Elf:3    | Identified the +3 scale mail "Wigawosm" {Will+ Int+4}
 66649 | Elf:3    | Identified the +1 ring mail of the Doomed Snail {Int+3}
 66652 | Elf:3    | Got Sif Muna's Disquisition on Companions and the Rocks
 66657 | Elf:3    | Identified the +1 dagger of Pandemonium {freeze, rPois rF+}
 66663 | Elf:3    | Identified the +10 rapier "Poymettin" {chaos, +Rage Str+3}
 66698 | Elf:3    | Identified the ring of Jaekhanuo {+Blink rN+ MP+9 Int+6}
 66723 | Elf:3    | Learned a level 2 spell: Blink
 66847 | Elf:2    | Bought a potion of invisibility for 272 gold pieces
 66847 | Elf:2    | Bought a scroll of magic mapping for 119 gold pieces
 66911 | Orc:2    | Bought a potion of curing for 45 gold pieces
 66911 | Orc:2    | Bought a potion of curing for 45 gold pieces
 67165 | D:1      | Bought a potion of ambrosia for 176 gold pieces
 67165 | D:1      | Bought a potion of brilliance for 88 gold pieces
 67165 | D:1      | Bought a scroll of fear for 77 gold pieces
 67165 | D:1      | Bought a potion of attraction for 66 gold pieces
 67165 | D:1      | Bought a scroll of silence for 165 gold pieces
 67489 | Snake:3  | Bought a scroll of fog for 42 gold pieces
 67566 | Snake:2  | Bought a ring of resist corrosion for 380 gold pieces
 67845 | D:15     | Bought a potion of curing for 45 gold pieces
 67845 | D:15     | Bought a potion of might for 60 gold pieces
 67845 | D:15     | Bought a potion of curing for 45 gold pieces
 67845 | D:15     | Bought a potion of curing for 45 gold pieces
 67845 | D:15     | Bought a potion of curing for 45 gold pieces
 67845 | D:15     | Bought a potion of heal wounds for 75 gold pieces
 67845 | D:15     | Bought a potion of attraction for 45 gold pieces
 67845 | D:15     | Bought a potion of heal wounds for 75 gold pieces
 68071 | Vaults:2 | Bought a potion of brilliance for 52 gold pieces
 68071 | Vaults:2 | Bought a potion of curing for 39 gold pieces
 68071 | Vaults:2 | Bought a potion of haste for 130 gold pieces
 68071 | Vaults:2 | Bought a potion of invisibility for 104 gold pieces
 68071 | Vaults:2 | Bought a potion of cancellation for 104 gold pieces
 68159 | Vaults:4 | Bought a scroll of brand weapon for 240 gold pieces
 68159 | Vaults:4 | Bought a potion of invisibility for 96 gold pieces
 68159 | Vaults:4 | Bought a potion of curing for 36 gold pieces
 68658 | Vaults:5 | Entered Level 5 of the Vaults
 69493 | Vaults:5 | Reached XP level 27. HP: 213/231 MP: 30/39
 70138 | Vaults:5 | Identified the ring "Qaenn" {Int+3 Dex+6}
 70345 | Vaults:5 | Noticed a dread lich
 70360 | Vaults:5 | Killed a dread lich
 70437 | Vaults:5 | Identified the +3 battleaxe "Ditiag" {venom, rN+ Will+}
 70437 | Vaults:5 | Identified the ring "Laka" {rPois Dex+6}
 70707 | Vaults:5 | Identified the ring "Qagriph" {rF+ rN+ AC+4 Int-5 SInv}
 71395 | Vaults:5 | Got a silver rune of Zot
 71442 | Vaults:5 | Got Xenis's Collected Works on Nocuous Dislocation
 71630 | Vaults:5 | Noticed a dread lich
 71652 | Vaults:5 | Found the +0 mask of the Dragon {Will+ Slay+3 SInv}
 71687 | Vaults:5 | Killed a dread lich
 71738 | Vaults:5 | Got the Handbook of Air
 72979 | Zot:1    | Entered Level 1 of the Realm of Zot
 75532 | Zot:3    | Found a runed translucent gate.
 75532 | Zot:3    | Found a runed translucent gate.
 75532 | Zot:3    | Found a runed translucent gate.
 75535 | Zot:3    | Noticed Icycared's ghost (master GrFi)
 76057 | Zot:3    | Found a transporter.
 76384 | Zot:3    | Found a transporter.
 76608 | Zot:4    | Noticed an orb of fire
 76647 | Zot:4    | Killed an orb of fire
 77166 | Zot:4    | Noticed an orb of fire
 77388 | Zot:4    | Killed an orb of fire
 78013 | Zot:5    | Entered Level 5 of the Realm of Zot
 78225 | Zot:5    | Reached skill level 27 in Polearms
 79438 | Zot:5    | Noticed an orb of fire
 79438 | Zot:5    | Noticed an ancient lich
 79440 | Zot:5    | Noticed an orb of fire
 79442 | Zot:5    | Noticed a dread lich
 79455 | Zot:5    | Killed an orb of fire
 79567 | Zot:5    | Killed an orb of fire
 79810 | Zot:5    | Killed an ancient lich
 80818 | Zot:5    | Killed a dread lich
 82479 | Zot:5    | Noticed an orb of fire
 82494 | Zot:5    | Killed an orb of fire
 84979 | Zot:5    | Acquired 741 gold pieces
 84988 | Zot:5    | Got the Orb of Zot
 85410 | D:$      | Escaped with the Orb!

Illustrated notes

Levels and vault maps discovered:
D:1:      dpeg_arrival_erosion, layout_basic, serial_shops, shop_coins
D:2:      layout_basic
D:3:      layout_loops_cross, dreamdust_ecumenical_altar_drowned_temple,
          uniq_natasha, uniq_grinder
D:4:      layout_basic, grunt_decor_mini_mirrors, grunt_decor_one_mirror,
          abandoned_shop
D:5:      layout_gridville
D:6:      layout_basic, mainiacjoe_overflow_brackets
D:7:      layout_rooms, trog_ov_bears_minmay, minmay_temple_entry_overgrown,
          hangedman_decor_diamond_cutter, uniq_menkaure, uniq_harold,
          uniq_duvessa, uniq_pikel
D:8:      layout_rooms, nicolae_ru_sacrificial_ziggurat, lemuel_crystal_altar,
          uniq_erica
D:9:      layout_loops_corners, nicolae_overflow_crystal_walls, orc_david_3,
          ebering_ghost_reflecting_pool, minivault_15
D:10:     layout_basic, ashenzari_altar_1, minitemple,
          erik_lair_orcish_takeover, enter_bailey_2, uniq_joseph, uniq_snorg,
          uniq_urug
D:11:     minmay_the_grid_triangle_9x9_rhombus_thin
          [minmay_the_grid_triangle_9x9_impossible_snake,
          minmay_the_grid_triangle_9x9_prize_center,
          minmay_the_grid_triangle_9x9_fully_insulated_deathbox,
          minmay_the_grid_triangle_9x9_pentomino_pain], layout_irregular_city
D:12:     layout_loops_ring, uniq_sonja
D:13:     layout_loops_ring, david_vaults_4, serial_glass, glass_columns_b,
          glass_columns_a, due_unseen_surprise, minmay_strange_pillars,
          feat_on_display, item_on_display_a, nicolae_transmutations_shop,
          uniq_rupert
D:14:     layout_basic, special_room [special_room_orc],
          chequers_serial_rivers_room_b, uniq_jorgrun
D:15:     grunt_enter_depths_magical_seal, layout_cave_pods, serial_undead,
          serial_undead_b, serial_undead_e, serial_undead_e, serial_undead_d,
          serial_undead_c, serial_undead_f, nemelex_lonely_heart_becter,
          serial_shops, shop, zin_scriptorium
Temple:   nicolae_temple_hex_pool
Lair:1:   layout_cellular_growth, portal_ice_cave_entry_pillars_1, st_stairs_7,
          chequers_serial_rivers_large_b
Lair:2:   layout_cellular_growth, minmay_snake_entry_six_corridors,
          chequers_serial_rivers_large_a, serial_bayou_shore_a
Lair:3:   layout_chaotic_city, grunt_megastairs_2
Lair:4:   layout_loops_ring, minmay_shoals_entry_beasts,
          minmay_lair_oklob_chamber
Lair:5:   nzn_winding_woodlands_medium [nzn_winding_woodlands_5x5_closed_star,
          nzn_winding_woodlands_5x15_pathside_ponds,
          nzn_winding_woodlands_5x5_checkerboard,
          nzn_winding_woodlands_5x5_three, nzn_winding_woodlands_center_garden,
          nzn_winding_woodlands_5x5_default,
          nzn_winding_woodlands_5x5_perimeter,
          nzn_winding_woodlands_5x15_jagged, nzn_winding_woodlands_5x5_cross],
          layout_cave_pods, slime_dummy
Lair:6:   hangedman_lair_caniforms_friends, layout_long_grid, wormcave
Shoals:1: layout_shoals, uniq_donald
Shoals:2: layout_shoals, nicolae_shoals_lost_giant_hut, uniq_polyphemus,
          uniq_ilsuiw
Shoals:3: layout_shoals
Shoals:4: shoals_end_hellmonk_storm_palace [storm_palace_center_ruins,
          storm_palace_corner_pillars, storm_palace_corner_altar,
          storm_palace_corner_pillars, storm_palace_corner_pillars], uniq_mara
Snake:1:  layout_misc_corridors
Snake:2:  layout_concentric_octagons, serial_shops, shop, minmay_shop_grove,
          uniq_kirke, uniq_asterion
Snake:3:  layout_onion_interference, nicolae_snake_serpentine_bazaar,
          uniq_agnes, uniq_saint_roka
Snake:4:  johnstein_snake_rune_scales, layout_grid_maze, serial_shops,
          bzr_entry_customers, special_room, nicolae_snake_guarding_the_ruins
Orc:1:    nicolae_orc_accident_3, layout_caves, nicolae_orc_tapped_out
Orc:2:    st_orc_elflike, layout_caves, basic_altar
Elf:1:    layout_geoelf_grid, serial_shops, bzr_entry_road,
          minmay_elf_demonology, minmay_curled_crystal
Elf:2:    elven_hall_of_blades_hangedman_alternative [grunt_blade_entry_basic],
          layout_rooms, serial_shops,
          nicolae_shop_temple_entry_statues_fountains, uniq_roxanne
Elf:3:    elf_hall, layout_loops_corners
Vaults:1: hangedman_vaults_trim, v_pattern_3, nicolae_vaults_network_periphery,
          v_misc_33, nicolae_vaults_circle_grid_a, special_room_vaults
          [special_room_orc], layout_vaults_omnigrid
Vaults:2: nicolae_vaults_bisected_slash, ontoclasm_vaults_twist,
          vaults_standard_mumra_enter_the_diamond, st_lattice,
          hangedman_vaults_snaps, serial_ice_m, v_misc_23, v_misc_2,
          minmay_crypt_entry_simple_box, layout_vaults_chaotic_city,
          serial_shops, shop, uniq_frederick
Vaults:3: vaults_room_door_ring, dpeg_vaults_monster_box, v_pattern_5,
          nicolae_vaults_theta, nicolae_vaults_windows_and_doors_thing,
          v_rooms_3, v_misc_19, v_misc_30, hangedman_vaults_stagger,
          vaults_mumra_chevron, nicolae_vaults_little_squares_5,
          vaults_room_stairs_pillars, layout_vaults_omnicross,
          mu_enter_wizlab_1, serial_shops, nicolae_shop_behind_doors
Vaults:4: advil_vaults_ghost_guards, ontoclasm_vaults_loading_screen,
          hangedman_vaults_pinch, v_misc_13, hangedman_vaults_river_flow,
          ontoclasm_vaults_loading_screen, nicolae_vaults_stairing_the_circle,
          v_misc_32, ontoclasm_vaults_pinch, ontoclasm_vaults_chip, v_misc_22,
          vaults_mumra_minichess_inversion, nicolae_vaults_specimen_jars,
          v_misc_13, layout_vaults_ring, serial_shops, nicolae_shop_stone,
          uniq_boris
Vaults:5
Depths:1: kennysheep_treasure_stockpile, layout_honeycomb,
          minmay_strange_pillars, grunt_hell_entry_demonic_statue,
          abyss_entry_crystal, yredelemnul_altar_generic
Depths:2: minmay_tri_stars, layout_basic, tso_metal_star, hell_entry,
          hangedman_abyss_or_decor_jellyfish_corner, minmay_misc_feat_five,
          grunt_ministairs_2, st_stairs_8, minmay_microvault,
          infiniplex_staircase_zigzag_5
Depths:3: minmay_cut_squares, layout_cross, pf_coc_iceberg,
          grunt_pan_entry_sceptre, nicolae_wwwww, minivault_16
Depths:4: cheibrodos_witchhunters_guild, layout_basic, kennysheep_path_1,
          grunt_hell_entry_dis_mu, grunt_pan_entry_in_and_out, abyss_entry,
          uniq_enchantress
Depths:5: hangedman_spin_cycle, serial_shops, hell_entry
Zot:1:    layout_gridlike
Zot:2:    layout_concentric_octagons
Zot:3:    gammafunk_its_a_trap, layout_onion_interference,
          ebering_ghost_rock_garden, skrybe_zot_glass_3
Zot:4:    layout_onion, st_single_dragon_hoard_1,
          hangedman_elemental_grid_stream
Zot:5:    layout_misc_corridors, grunt_ministairs_13

Skill      XL: |  1  2  3  4  5  6  7  8  9 10 11 12 13 14 15 16 17 18 19 20 21 22 23 24 25 26 27 |
---------------+----------------------------------------------------------------------------------+-----
Fighting       | 1 2 3 4 5 6 8 10 11 12 13 14 15 16 17 18 19 20 21 26 | 26.7
Ice Magic      | 5 6 7 8 9 10 11 12 13 14 15 16 17 18 21 | 21.2
Polearms       | 1 2 3 5 7 10 12 14 16 17 19 20 22 24 26 27 | 27.0
Spellcasting   | 3 4 5 6 7 8 10 11 12 | 12.0
Invocations    | 4 5 8 9 10 11 12 13 14 15 16 17 18 19 20 21 24 | 24.0
Dodging        | 7 9 11 12 13 14 15 16 17 19 21 | 21.7
Stealth        | 4 6 8 |  8.0
Conjurations   | 5 6 8 |  8.0
Armour         | 4 6 8 |  8.0

Action                   |  1- 3 |  4- 6 |  7- 9 | 10-12 | 13-15 | 16-18 | 19-21 | 22-24 | 25-27 || total
-------------------------+-------+-------+-------+-------+-------+-------+-------+-------+-------++-------
Melee: Hand axe          |     1 |       |       |       |       |       |       |       |       ||     1
       Spear             |     3 |    57 |     1 |       |       |       |       |       |       ||    61
       Trident           |       |       |   110 |       |       |       |       |       |       ||   110
       Halberd           |       |       |    54 |   202 |   782 |  1116 |   803 |       |       ||  2957
       Scimitar          |       |       |       |       |    19 |     3 |       |       |       ||    22
       Tailslap          |       |       |       |       |       |    17 |       |       |     3 ||    20
       Bardiche          |       |       |       |       |       |       |   101 |  1029 |  1781 ||  2911
 Fire: Hunting sling     |       |       |       |       |     1 |       |       |       |       ||     1
Throw: Stone             |     9 |    33 |       |       |       |       |       |       |       ||    42
       Dart              |    27 |    14 |    18 |    15 |     7 |    10 |       |       |       ||    91
       Javelin           |       |       |     7 |    14 |     1 |    11 |    16 |     7 |    32 ||    88
       Boomerang         |       |       |       |    34 |    12 |    13 |       |       |       ||    59
       Throwing net      |       |       |       |     1 |       |     1 |       |       |       ||     2
 Cast: Freeze            |    45 |    45 |    19 |    11 |    16 |       |       |       |       ||   136
       Frozen Ramparts   |       |    11 |    31 |    60 |   143 |   153 |   103 |   118 |   170 ||   789
       Ozocubu's Armour  |       |     7 |    31 |    43 |   109 |   132 |    83 |    95 |   183 ||   683
       Hailstorm         |       |       |       |       |    16 |    39 |       |     1 |     1 ||    57
       Summon Ice Beast  |       |       |       |       |       |    30 |     4 |     3 |     9 ||    46
       Freezing Cloud    |       |       |       |       |       |    11 |    85 |   100 |   115 ||   311
       Metabolic Englaci |       |       |       |       |       |     2 |    15 |     8 |     6 ||    31
       Ozocubu's Refrige |       |       |       |       |       |       |       |     3 |    25 ||    28
       Apportation       |       |       |       |       |       |       |       |       |     3 ||     3
       Blink             |       |       |       |       |       |       |       |       |     8 ||     8
Invok: Recite            |       |       |     1 |       |     5 |    12 |     2 |       |    14 ||    34
       Vitalisation      |       |       |       |     3 |    27 |    28 |    19 |    15 |    51 ||   143
       Sanctuary         |       |       |       |       |       |       |       |       |     2 ||     2
       Imprison          |       |       |       |       |       |       |       |       |     1 ||     1
Evoke: Wand              |       |       |       |    34 |     4 |     4 |     3 |       |     1 ||    46
       Lightning rod     |       |       |       |       |     4 |     3 |       |       |     4 ||    11
       Phantom mirror    |       |       |       |       |       |     1 |       |       |     1 ||     2
       Tin of tremorston |       |       |       |       |       |       |     2 |       |       ||     2
  Use: Scroll            |       |     9 |     9 |     2 |     7 |     7 |     9 |     9 |    25 ||    77
       Potion            |       |       |     1 |     3 |       |     7 |     6 |     4 |    17 ||    38
 Stab: Sleeping          |       |     1 |     2 |       |    12 |    31 |    22 |    51 |    51 ||   170
       Held in net/web   |       |       |       |     1 |       |       |       |       |       ||     1
       Distracted        |       |       |       |       |     2 |     6 |    10 |     8 |    11 ||    37
       Paralysed         |       |       |       |       |     6 |     2 |       |       |     1 ||     9
       Confused          |       |       |       |       |     3 |     7 |     1 |       |    10 ||    21
       Invisible         |       |       |       |       |     2 |       |       |       |       ||     2
Armor: Leather armour    |     5 |     1 |       |       |       |       |       |       |       ||     6
       Robe              |     2 |    19 |     7 |       |       |       |    66 |   169 |   388 ||   651
       Troll leather arm |       |       |    58 |    46 |   127 |   170 |    36 |       |       ||   437
Dodge: Dodged            |    12 |    43 |    87 |    66 |   488 |   819 |   559 |   786 |  1401 ||  4261
Block: Other             |       |       |       |       |       |       |   126 |   158 |   266 ||   550
       Reflection        |       |       |       |       |       |       |    14 |    10 |     8 ||    32
       Rpst.: Scimitar   |       |       |       |       |     2 |     1 |       |       |       ||     3
